 Dungeon Crawl Stone Soup version 0.24.1-5-g77f818bfca (webtiles) character file.

Game seed: 17597590185646858055, levelgen mode: deterministic

107 nightchill the Ruffian (level 4, -6/36 HPs)
             Began as a Draconian Transmuter on Apr 23, 2020.
             Killed by divine providence
             ... invoked by an orc priest
              (16 damage)
             ... on level 3 of the Dungeon.
             The game lasted 00:08:59 (2727 turns).

nightchill the Ruffian (Draconian Transmuter)       Turns: 2727, Time: 00:09:00

Health: -6/36      AC:  6    Str: 14    XL:     4   Next: 57%
Magic:  2/7        EV: 12    Int: 13    God:
Gold:   71         SH:  0    Dex: 11    Spells: 4/7 levels left

rFire    . . .     SeeInvis .     - Unarmed
rCold    . . .     Gourm    .   (no shield)
rNeg     . . .     Faith    .   (armour unavailable)
rPois    .         Spirit   .   (helmet restricted)
rElec    .         Reflect  .   (no cloak)
rCorr    .         Harm     .   (no gloves)
MR       .....                  j - +0 pair of boots
Stlth    +.........             (no amulet)
HPRegen  0.12/turn              (no ring)
MPRegen  0.10/turn              (no ring)

@: appendage (expiring), very slightly contaminated
A: unfitting armour, horns 2, cold-blooded, AC +5
a: End Transformation


You were on level 3 of the Dungeon.
You were not hungry.
You had grown temporary horns.
You visited 1 branch of the dungeon, and saw 3 of its levels.

You collected 71 gold pieces.

Inventory:

Hand Weapons
 d - a +0 dagger
 g - a +0 hunting sling
 r - a +0 hunting sling
Missiles
 a - 7 arrows
 e - 65 stones (quivered)
 k - a throwing net
 l - 8 silver javelins
 s - 36 sling bullets
Armour
 j - a +0 pair of boots (worn)
Scrolls
 b - 2 scrolls of immolation {unknown}
 f - 2 scrolls of amnesia {unknown}
 h - 3 scrolls of remove curse {unknown}
 n - a scroll of noise {unknown}
 o - a scroll of magic mapping {unknown}
 p - a scroll of enchant weapon {unknown}
Potions
 i - 2 potions of curing {unknown}
 m - a potion of haste {unknown}
 t - a potion of agility {unknown}
Comestibles
 c - 7 rations


   Skills:
 + Level 2.3 Fighting
 - Level 1.7 Dodging
 * Level 4.1 Unarmed Combat
 - Level 2.0 Spellcasting
 * Level 3.4 Transmutations


You had 4 spell levels left.
You knew the following spells:

 Your Spells              Type           Power        Failure   Level  Hunger
a - Beastly Appendage     Tmut           ##....       6%          1    ##.....
b - Sticks to Snakes      Tmut           ##......     10%         2    ###....

Your spell library contained the following spells:

 Spells                   Type           Power        Failure   Level  Hunger
 Spider Form              Tmut/Pois      #.........   36%         3    ####...
 Ice Form                 Ice/Tmut       #.......     77%         4    #####..
 Blade Hands              Tmut           ##........   86%         5    ######.


Dungeon Overview and Level Annotations

Branches:
Dungeon (3/15)

Altars:
Dithmenos
Fedhas

Annotations:
D:2 exclusion: downstairs


Innate Abilities, Weirdness & Mutations

Your plain brown scales are hard. (AC +5)
You cannot fit into any form of body armour.
You are cold-blooded and may be slowed by cold attacks.
You have a pair of horns on your head.


Message History

You hit the orc priest but do no damage.
The orc priest is almost dead.
The orc priest mumbles some strange prayers to Beogh against you.
Beogh smites you!
* * * LOW HITPOINT WARNING * * *
You hit the orc priest but do no damage.
The orc priest is almost dead.
The orc priest casts a cantrip, but nothing happens.
You hit the orc priest but do no damage.
Your headbutt misses the orc priest.
The orc priest is almost dead.
The orc priest misses you.
You barely miss the orc priest.
The orc priest is almost dead.
You closely miss the orc priest.
The orc priest is almost dead.
Your transformation is almost over.
The orc priest invokes the aid of Beogh against you.
Beogh smites you!
You die...

####### #......
##########################......
.........).)o.o@..........รท.[...
.........############.########..
########.## #.# #.. #S.# #.# ###
##.# #.# #S####... #.# #oo.oo...
#.# #......o. #.# #.o......


You could see an orc priest and an orc.

Vanquished Creatures
  6 adders
  5 dart slugs
  A leopard gecko (D:3)
  A giant cockroach (D:1)
  5 goblins
  3 hobgoblins
  6 kobolds
  4 bats
  6 frilled lizards
  3 rats
40 creatures vanquished.

Vanquished Creatures (collateral kills)
  2 adders
  A worm (D:3)
  2 orcs (D:3)
  A quokka (D:2)
6 creatures vanquished.

Grand Total: 46 creatures vanquished

Notes
Turn   | Place    | Note
-------+----------+-------------------------------------------
     0 | D:1      | nightchill the Draconian Transmuter began the quest for the
                  | Orb.
     0 | D:1      | Reached XP level 1. HP: 16/16 MP: 3/3
     8 | D:1      | Noticed an electric eel
   317 | D:1      | Reached XP level 2. HP: 22/23 MP: 3/5
   324 | D:1      | Learned a level 2 spell: Sticks to Snakes
   683 | D:1      | You fall into a shaft and drop 1 floor!
  1012 | D:2      | Reached XP level 3. HP: 26/29 MP: 4/6
  1037 | D:2      | Found a shadowy altar of Dithmenos.
  1801 | D:2      | Reached XP level 4. HP: 32/36 MP: 0/7
  1976 | D:2      | Found a blossoming altar of Fedhas.
  2478 | D:3      | Reached skill level 4 in Unarmed Combat
  2727 | D:3      | Killed from afar by an orc priest

Levels and vault maps discovered:
D:1:      arrival_aquarium_a, layout_loops_ring
D:2:      layout_rooms, nicolae_overflow_hidden_temple, fedhas_altar_4,
          grunt_dithmenos_smoke_and_mirrors
D:3:      layout_basic, cheibriados_altar_1, glass_columns_c

Skill      XL: |  1  2  3  4 |
---------------+-------------+-----
Transmutations | 3 |  3.4
Fighting       | 2 |  2.3
Unarmed Combat | 4 |  4.1
Dodging        | |  1.7
Spellcasting   | |  2.0

Action                   |  1- 3 |  4- 6 || total
-------------------------+-------+-------++-------
Melee: Unarmed           |   103 |    52 ||   155
       Tailslap          |     5 |     5 ||    10
       Headbutt          |    11 |    10 ||    21
       Kick              |     2 |       ||     2
       Punch             |     2 |     1 ||     3
Throw: Stone             |     1 |     1 ||     2
 Cast: Beastly Appendage |    24 |     9 ||    33
       Sticks to Snakes  |     9 |     7 ||    16
 Stab: Sleeping          |     1 |       ||     1
  Eat: Chunk             |     4 |     4 ||     8
Armor: Skin              |    34 |    20 ||    54
Dodge: Dodged            |    49 |    33 ||    82
